 Dungeon Sprint DCSS version 0.16-a0-3330-g2931290 (webtiles) character file.

395938 BluebellGnoll the Ogreish Ballista (level 21, -16/264 (265) HPs)
             Began as an Ogre Wanderer on Dec 27, 2014.
             Was the Champion of Vehumet.
             Demolished by an acid blob (36 damage)
             ... created by the royal jelly
             ... in the Dungeon (Sprint IX: "|||||||||||||||||||||||||||||") on Dec 28, 2014.
             The game lasted 02:33:18 (14368 turns).

BluebellGnoll the Ogreish Ballista (Ogre Wanderer) Turns: 14368, Time: 02:33:20

HP:   -16/264 (265) AC: -3    Str: 25    XL:     21   Next: 39%
MP:   31/45         EV: 21    Int: 18    God:    Vehumet [******]
Gold: 7             SH:  0    Dex: 13    Spells: 7 memorised, 41 levels left

rFire  + + +     SeeInvis +     N - +8 giant club of Mastery {flame, +Rage rC+}
rCold  + + +     Clarity  .     b - +0 fire dragon armour
rNeg   + . .     SustAb   .     (shield restricted)
rPois  +         Gourm    .     R - -2 hat of the Alchemist {rElec rPois rF+ rC+ rN+ MR+ rMut rCorr}
rElec  +         Spirit   .     X - +2 cloak
rCorr  +         Warding  .     (gloves unavailable)
rMut   +         NoTele   +     (boots unavailable)
MR     +++++                    (no amulet)
Stlth  ..........               C - ring "Tross" {rF+ rC++ Dex+3}
                                S - ring "Bluddayl" {MR++ Str+3 SInv}

@: corroded equipment, rotting, almost entirely resistant to hostile
enchantments, extremely unstealthy
A: unfitting armour, blurry vision 1, tough skin 1
a: Renounce Religion, Evoke Berserk Rage
}: 6/15 runes: decaying, serpentine, barnacled, elven, silver, gossamer


You were in the Dungeon.
You worshipped Vehumet.
Vehumet was exalted by your worship.
You were not hungry.

You visited 1 branch You collected 1953 gold pieces.
You spent 1946 gold pieces at shops.

Inventory:

Hand weapons
 h - the +2 dire flail "Shroit" {crush, Contam rC++ Int+3}
   (Okawaru gifted it to you in the Dungeon)

   It inflicts extra damage upon your enemies.
   It affects your intelligence (+3).
   It greatly protects you from cold.
   It causes magical contamination when unequipped.
 s - the +4 giant club "Erietz" {drain, +Blink rF++}
   (Okawaru gifted it to you in the Dungeon)

   A truly terrible weapon, it drains the life of those it strikes.
   It greatly protects you from fire.
   It lets you blink.
 t - the +2 giant spiked club of Irritation {antimagic, rC+}
   (Okawaru gifted it to you in the Dungeon)

   It disrupts the flow of magical energy around spellcasters and certain
   magical creatures (including the wielder).
   It protects you from cold.
 y - a +9 vampiric demon whip
 M - the +2 blowgun "Ywumupniu" {evade, rElec rF+}
   (You found it in the Dungeon)

   It affects your evasion (+5 to EV).
   It protects you from fire.
   It insulates you from electricity.
 N - the +8 giant club of Mastery (weapon) {flame, +Rage rC+}
   (Okawaru gifted it to you in the Dungeon)

   It emits flame when wielded, causing extra injury to most foes and up to half
   as much damage over again against particularly susceptible opponents.
   It protects you from cold.
   It lets you go berserk.
Missiles
 c - 19 javelins of returning
 l - 3 tomahawks of returning
 n - 5 poisoned javelins
 q - 5 large rocks (quivered)
 I - a javelin
 T - 5 tomahawks of dispersal
 U - 10 curare-tipped needles
 V - 5 tomahawks
 W - 2 silver tomahawks
Armour
 b - a +0 fire dragon armour (worn)
 d - a +2 cloak
 r - the +3 large shield "Noemoum" {+Rage +Inv rPois Slay+3 Stlth--}
   (You found it in the Dungeon)

   It affects your accuracy and damage with ranged weapons and melee attacks
   (+3).
   It protects you from poison.
   It lets you turn invisible.
   It lets you go berserk.
   It makes you much less stealthy.
 w - a +2 robe of positive energy
 R - the -2 hat of the Alchemist (worn) {rElec rPois rF+ rC+ rN+ MR+ rMut rCorr}
   (Okawaru gifted it to you in the Dungeon)

   It protects you from fire.
   It protects you from cold.
   It insulates you from electricity.
   It protects you from poison.
   It protects you from negative energy.
   It affects your resistance to hostile enchantments.
   It protects you from acid and corrosion.
   It protects you from mutation.
 X - a +2 cloak (worn)
Magical staves
 p - an uncursed staff of energy
Jewellery
 C - the ring "Tross" (right hand) {rF+ rC++ Dex+3}
   (You found it in the Dungeon)

   [ring of dexterity]

   It affects your dexterity (+3).
   It protects you from fire.
   It greatly protects you from cold.
 K - the ring "Guczihues" {rElec rC+ rN+}
   (You found it in the Dungeon)

   [ring of protection from cold]

   It protects you from cold.
   It insulates you from electricity.
   It protects you from negative energy.
 L - the ring of Moexeum {+Inv Str+3}
   (You found it in the Dungeon)

   [ring of invisibility]

   It affects your strength (+3).
   It lets you turn invisible.
 S - the ring "Bluddayl" (left hand) {MR++ Str+3 SInv}
   (You found it in the Dungeon)

   [ring of strength]

   It affects your strength (+3).
   It affects your resistance to hostile enchantments.
   It enhances your eyesight.
 Y - a +6 ring of strength
Magical devices
 v - a wand of fire (3)
 B - a wand of hasting (5)
 Q - a wand of fire (7)
Scrolls
 a - 4 scrolls of recharging
 k - 4 scrolls of blinking
 m - 5 scrolls of remove curse
 o - 5 scrolls of amnesia
 x - 2 scrolls of fear
 J - 6 scrolls of enchant armour
 P - 4 scrolls of fog
Potions
 e - 5 potions of curing
 g - 17 potions of heal wounds
 i - 4 potions of magic
 j - a potion of agility
 u - 2 potions of brilliance
 E - 3 potions of cure mutation
 O - 5 potions of berserk rage
 Z - a potion of might
Books
 F - a book of the Earth

   Spells                             Type                      Level
   a - Leda's Liquefaction            Hexes/Earth                  4
   b - Bolt of Magma                  Conjuration/Fire/Earth       5
   c - Statue Form                    Transmutation/Earth          6
   d - Iron Shot                      Conjuration/Earth            6
   e - Shatter                        Earth                        9
 G - a book of Maledictions

   Spells                             Type                      Level
   a - Corona                         Hexes                        1
   b - Sure Blade                     Hexes/Charms                 2
   c - Ensorcelled Hibernation        Hexes/Ice                    2
   d - Confuse                        Hexes                        3
   e - Dazzling Spray                 Conjuration/Hexes            3
   f - Enslavement                    Hexes                        4
Comestibles
 f - 14 meat rations
 z - 34 fruits
 A - 10 bread rations
 D - 2 chunks of flesh


   Skills:
 O Level 27 Fighting
 O Level 27 Maces & Flails
 O Level 27 Throwing
 O Level 27 Armour
 O Level 27 Dodging
 - Level 1.0 Stealth
 - Level 1.0 Unarmed Combat
 - Level 24.5 Spellcasting
 - Level 16.8 Conjurations
 - Level 6.1 Hexes
 - Level 13.6 Ice Magic
 - Level 9.9 Air Magic
 + Level 17.9 Earth Magic
 - Level 1.0 Evocations


You had 41 spell levels left.
You knew the following spells:

 Your Spells              Type           Power        Failure   Level  Hunger
a - Throw Icicle          Conj/Ice       ######..     1%          4    None
b - Ensorcelled Hibernat  Hex/Ice        ######       1%          2    None
c - Confuse               Hex            #####...     1%          3    None
d - Bolt of Magma         Conj/Fire/Erth ######....   1%          5    None
e - Dazzling Spray        Conj/Hex       ######..     1%          3    None
f - Fireball              Conj/Fire      ######....   1%          5    None
l - Freezing Cloud        Conj/Ice/Air   ######....   1%          6    ###....


Dungeon Overview and Level Annotations

Branches:
Dungeon (1/1)

Altars:
Cheibriados
Dithmenos
Elyvilon
Fedhas
Gozag
Kikubaaqudgha
Makhleb
Nemelex Xobeh
Okawaru
Qazlal
Ru
Sif Muna
Trog
Vehumet
Xom
Yredelemnul
Zin
The Shining One
Beogh
Jiyva
Lugonu

Shops:
D (%%:


Innate Abilities, Weirdness & Mutations

You are too large for most types of armour.
You have tough skin (AC +1).
Scrolls take you a little longer to read.


Message History

The acid blob is moderately wounded.
The bolt of magma misses the azure jelly.
The acid blob spits acid at you. The splash of acid hits you! You resist.
* * * LOW HITPOINT WARNING * * *
The acid corrodes your equipment!
The acid burns!
You resist.
* * * LOW HITPOINT WARNING * * *
Okawaru's forces are busy with other wars.
Okawaru seems mollified.
Unknown command.
Read which item? (? for menu, Esc to quit)
Okay, then.
Read which item? (? for menu, Esc to quit)
The acid blob spits acid at you. The splash of acid hits you! You resist.
* * * LOW HITPOINT WARNING * * *
The acid burns!
You resist.
* * * LOW HITPOINT WARNING * * *
The acid blob hits you!!!
You die...

▓▓▓▓▓▓▓▓▓▓▓▓▓▓▓▓▓▓▓▓▓▓▓▓▓
........................▓
▓▓▓▓▓▓▓▓▓▓▓▓▓▓▓▓▓▓▓▓▓▓▓.▓
φ..JJ(JJ@JJ.....▓
▓▓▓▓▓▓▓▓▓▓▓▓▓▓▓▓▓▓▓▓▓▓▓▓▓
..).....................▓
▓▓▓▓▓▓▓▓▓▓▓▓▓▓▓▓▓▓▓▓▓▓▓)▓
......+......0.......'..▓
▓▓▓▓▓▓▓▓▓▓▓▓▓▓▓▓▓▓▓▓▓▓▓▓▓
........................▓
▓▓▓▓▓▓▓▓▓▓▓▓▓▓▓▓▓▓▓▓▓▓▓.▓
[..[[.).['.[[......'....▓


You could see 3 acid blobs, an azure jelly and 2 death oozes.

Vanquished Creatures
  the royal jelly (D)
  4 orbs of fire (D)
  2 ancient liches (D)
  Boris (D)
  Margery (D)
  Norris (D)
  Mara (D)
  Mennas (D)
  A Killer Klown (D)
  6 golden dragons (D)
  Jory (D)
  Xtahua (D)
  Frederick (D)
  Nikola (D)
  3 electric golems (D)
  2 tentacled monstrosities (D)
  5 titans (D)
  6 deep elf blademasters (D)
  27 Orb Guardians (D)
  A quicksilver dragon (D)
  6 deep elf master archers (D)
  8 acid blobs (D)
  2 sphinxes (D)
  3 storm dragons (D)
  7 shadow dragons (D)
  2 liches (D)
  A draconian monk (D)
  Ilsuiw (D)
  7 frost giants (D)
  2 orc warlords (D)
  6 azure jellies (D)
  Wiglaf (D)
  2 fire giants (D)
  A vault warden (D)
  2 draconian knights (D)
  Louise (D)
  A draconian scorcher (D)
  5 greater nagas (D)
  3 deep elf sorcerers (D)
  6 ghost moths (D)
  3 stone giants (D)
  3 emperor scorpions (D)
  3 draconian zealots (D)
  3 draconian annihilators (D)
  4 very ugly things (D)
  3 grey draconians (D)
  2 draconian callers (D)
  A draconian shifter (D)
  A green draconian (D)
  A deep elf annihilator (D)
  A black draconian (D)
  4 pale draconians (D)
  A dire elephant (D)
  A red draconian (D)
  2 purple draconians (D)
  A deep elf death mage (D)
  3 yellow draconians (D)
  2 merfolk javelineers (D)
  3 fire dragons (D)
  3 minotaurs (D)
  25 vault guards (D)
  4 death oozes (D)
  Josephine (D)
  3 deep elf high priests (D)
  2 ettins (D)
  2 ironheart preservers (D)
  4 merfolk impalers (D)
  5 yaktaur captains (D)
  2 death cobs (D)
  2 great orbs of eyes (D)
  Harold (D)
  5 naga warriors (D)
  4 ice dragons (D)
  3 merfolk avatars (D)
  3 centaur warriors (D)
  10 hydras (D)
  Erica (D)
  An anaconda (D)
  4 merfolk aquamancers (D)
  5 ogre magi (D)
  A deep troll shaman (D)
  A deep troll earth mage (D)
  An orc high priest (D)
  2 tengu warriors (D)
  A spriggan berserker (D)
  Urug (D)
  A naga sharpshooter (D)
  A skeletal warrior (D)
  A fire crab (D)
  3 hell knights (D)
  A wizard (D)
  A shambling mangrove (D)
  A hill giant (D)
  6 swamp dragons (D)
  2 naga ritualists (D)
  A harpy (D)
  An orc knight (D)
  2 manticores (D)
  3 wolf spiders (D)
  A deep elf conjurer (D)
  2 griffons (D)
  A faun (D)
  4 ugly things (D)
  3 ironbrand convokers (D)
  9 orc sorcerers (D)
  3 guardian serpents (D)
  An oklob plant (D)
  2 cyclopes (D)
  9 moths of wrath (D)
  3 sirens (D)
  4 naga magi (D)
  3 spiny frogs (D)
  2 vault sentinels (D)
  7 elephants (D)
  A torpor snail (D)
  3 black mambas (D)
  A kobold demonologist (D)
  2 komodo dragons (D)
  4 yaktaurs (D)
  A red devil (D)
  2 demonic crawlers (D)
  A blue devil (D)
  3 jumping spiders (D)
  Sonja (D)
  4 merfolk (D)
  4 ravens (D)
  3 slime creatures (D)
  A troll (D)
  2 blink frogs (D)
  A snapping turtle (D)
  A trapdoor spider (D)
  2 boulder beetles (D)
  2 deep elf magi (D)
  3 redbacks (D)
  2 tarantellas (D)
  11 spriggans (D)
  A wraith (D)
  A neqoxec (D)
  A vampire mosquito (D)
  A deep elf fighter (D)
  A chaos spawn (D)
  A wyvern (D)
  A hungry ghost (D)
  3 mottled dragons (D)
  A wolf (D)
  4 nagas (D)
  4 water moccasins (D)
  17 orc warriors (D)
  2 porcupines (D)
  6 orc zombies (D)
  A crocodile (D)
  4 giant frogs (D)
  A scorpion (D)
  An orc priest (D)
  7 orc wizards (D)
  2 sheep (D)
  2 adders (D)
  2 river rats (D)
  A giant mite (D)
  An adder skeleton (D)
  14 orcs (D)
  A bat (D)
  A bat simulacrum (D)
  A bat zombie (D)
  A giant cockroach (D)
  A hobgoblin (D)
  A jackal (D)
  2 quokkas (D)
  A giant cockroach zombie (D)
  3 giant gecko zombies (D)
  A giant newt (D)
  A kobold (D)
  A quokka simulacrum (D)
  A quokka skeleton (D)
  A quokka zombie (D)
  2 rats (D)
  A plant (D)
506 creatures vanquished.

Vanquished Creatures (others)
  A stone giant (D)
  A human zombie (D)
  A naga (D)
  A lost soul (D)
4 creatures vanquished.

Grand Total: 510 creatures vanquished

Notes
Turn   | Place    | Note
--------------------------------------------------------------
     0 | D        | BluebellGnoll, the Ogre Wanderer, began the quest for the Orb.
     0 | D        | BluebellGnoll set off with: a wand of magic darts (15), a +0 mace, a potion of lignification, a +0 robe, a potion of curing, a meat ration, a potion of heal wounds, a potion of haste, 2 potions of magic, a potion of berserk rage, a scroll of blinking
     0 | D        | Reached XP level 1. HP: 27/27 MP: 1/1
    11 | D        | Reached skill level 5 in Maces & Flails
    11 | D        | Reached XP level 2. HP: 31/35 MP: 2/2
    16 | D        | Reached skill level 6 in Maces & Flails
    48 | D        | Reached skill level 7 in Maces & Flails
    58 | D        | Found a glowing silver altar of Zin.
    58 | D        | Found a glowing golden altar of the Shining One.
    58 | D        | Found an ancient bone altar of Kikubaaqudgha.
    58 | D        | Found a basalt altar of Yredelemnul.
    58 | D        | Found a shimmering altar of Xom.
    58 | D        | Found a radiant altar of Vehumet.
    58 | D        | Found an iron altar of Okawaru.
    59 | D        | Found a burning altar of Makhleb.
    60 | D        | Found a deep blue altar of Sif Muna.
    61 | D        | Found a bloodstained altar of Trog.
    62 | D        | Found a sparkling altar of Nemelex Xobeh.
    63 | D        | Found a white marble altar of Elyvilon.
    64 | D        | Found a roughly hewn altar of Beogh.
    65 | D        | Found a viscous altar of Jiyva.
    66 | D        | Found a corrupted altar of Lugonu.
    67 | D        | Found a blossoming altar of Fedhas.
    70 | D        | Found a snail-covered altar of Cheibriados.
    71 | D        | Found a shadowy altar of Dithmenos.
    75 | D        | Became a worshipper of Warmaster Okawaru
    79 | D        | Found a stormy altar of Qazlal.
    80 | D        | Found an opulent altar of Gozag.
    81 | D        | Found a sacrificial altar of Ru.
   118 | D        | Noticed a giant frog
   118 | D        | Noticed an orc warrior
   118 | D        | Noticed a wyvern
   123 | D        | Killed a giant frog
   123 | D        | Reached skill level 11 in Maces & Flails
   123 | D        | Reached XP level 3. HP: 40/42 MP: 3/3
   123 | D        | Reached XP level 4. HP: 47/50 MP: 4/4
   127 | D        | Killed an orc warrior
   127 | D        | Acquired Okawaru's first power
   127 | D        | Reached skill level 14 in Maces & Flails
   127 | D        | Reached XP level 5. HP: 26/57 MP: 5/5
   127 | D        | Killed a wyvern
   127 | D        | Reached skill level 16 in Maces & Flails
   127 | D        | Reached XP level 6. HP: 30/66 MP: 7/7
   291 | D        | Noticed an orc warrior
   291 | D        | Noticed a giant frog
   306 | D        | Killed an orc warrior
   312 | D        | Killed a giant frog
   312 | D        | Reached skill level 5 in Dodging
   312 | D        | Reached XP level 7. HP: 10/72 MP: 8/8
   596 | D        | Noticed a porcupine
   596 | D        | Noticed a blink frog
   596 | D        | Noticed a porcupine
   596 | D        | Noticed a water moccasin
   596 | D        | Noticed a spiny frog
   598 | D        | Killed a porcupine
   603 | D        | Noticed a wolf
   612 | D        | Killed a water moccasin
   614 | D        | Killed a blink frog
   614 | D        | Reached XP level 8. HP: 21/80 MP: 9/9
   615 | D        | Killed a wolf
   615 | D        | Reached skill level 10 in Dodging
   616 | D        | Killed a porcupine
   616 | D        | Killed a spiny frog
   624 | D        | Noticed an oklob plant
   886 | D        | Killed an oklob plant
   886 | D        | Reached XP level 9. HP: 87/97 MP: 10/10
   889 | D        | Noticed a water moccasin
   889 | D        | Noticed a blink frog
   889 | D        | Noticed a crocodile
   898 | D        | Killed a water moccasin
   901 | D        | Noticed a spiny frog
   902 | D        | Noticed a komodo dragon
   918 | D        | Killed a blink frog
   918 | D        | Reached skill level 10 in Fighting
   920 | D        | Killed a crocodile
   922 | D        | Killed a spiny frog
   922 | D        | Reached skill level 5 in Throwing
   928 | D        | Killed a komodo dragon
  1070 | D        | Noticed an elephant
  1070 | D        | Noticed an elephant
  1070 | D        | Noticed an elephant
  1070 | D        | Noticed an elephant
  1070 | D        | Noticed an elephant
  1070 | D        | Noticed an elephant
  1070 | D        | Noticed a dire elephant
  1079 | D        | Killed an elephant
  1079 | D        | Received a gift from Okawaru
  1084 | D        | Killed an elephant
  1084 | D        | Reached skill level 17 in Maces & Flails
  1084 | D        | Reached XP level 10. HP: 109/119 MP: 9/11
  1088 | D        | Killed an elephant
  1088 | D        | Reached skill level 18 in Maces & Flails
  1103 | D        | Killed a dire elephant
  1103 | D        | Received a gift from Okawaru
  1103 | D        | Reached skill level 19 in Maces & Flails
  1107 | D        | Killed an elephant
  1107 | D        | Acquired Okawaru's second power
  1107 | D        | Reached skill level 20 in Maces & Flails
  1109 | D        | Killed an elephant
  1112 | D        | Noticed an elephant
  1115 | D        | Killed an elephant
  1115 | D        | Reached skill level 21 in Maces & Flails
  1122 | D        | Killed an elephant
  1273 | D        | Noticed Josephine
  1283 | D        | Killed Josephine
  1283 | D        | Received a gift from Okawaru
  1283 | D        | Reached XP level 11. HP: 46/127 MP: 12/12
  1547 | D        | Noticed an orc priest
  1547 | D        | Noticed an orc warrior
  1548 | D        | Noticed an orc warrior
  1550 | D        | Noticed an orc wizard
  1555 | D        | Killed an orc priest
  1556 | D        | Noticed an orc wizard
  1558 | D        | Noticed an orc warrior
  1570 | D        | Killed an orc warrior
  1575 | D        | Killed an orc warrior
  1580 | D        | Killed an orc wizard
  1585 | D        | Killed an orc wizard
  1592 | D        | Killed an orc warrior
  1603 | D        | Noticed an orc warrior
  1603 | D        | Noticed an orc warrior
  1603 | D        | Noticed an orc warrior
  1603 | D        | Noticed an orc warrior
  1603 | D        | Noticed an orc high priest
  1603 | D        | Noticed an orc warrior
  1603 | D        | Noticed an orc warrior
  1604 | D        | Noticed an orc warrior
  1617 | D        | Killed an orc warrior
  1619 | D        | Killed an orc warrior
  1620 | D        | Noticed an orc warrior
  1623 | D        | Killed an orc warrior
  1624 | D        | Noticed an orc warrior
  1629 | D        | Killed an orc warrior
  1630 | D        | Noticed an orc warrior
  1635 | D        | Killed an orc warrior
  1636 | D        | Killed an orc high priest
  1636 | D        | Reached skill level 10 in Throwing
  1638 | D        | Killed an orc warrior
  1646 | D        | Noticed an orc warrior
  1729 | D        | Killed an orc warrior
  1734 | D        | Killed an orc warrior
  1739 | D        | Killed an orc warrior
  1746 | D        | HP: 6/127 [orc warrior/broad axe of chopping (1)]
  1747 | D        | Killed an orc warrior
  1750 | D        | Killed an orc warrior
  1750 | D        | HP: 2/127 [poisoned by an orc warrior]
  2127 | D        | Found Riylinad's Antique Weapon Emporium.
  2127 | D        | Noticed an orc sorcerer
  2127 | D        | Noticed an orc sorcerer
  2127 | D        | Noticed an orc sorcerer
  2127 | D        | Noticed an orc wizard
  2127 | D        | Noticed an orc sorcerer
  2127 | D        | Noticed an orc wizard
  2128 | D        | Killed an orc wizard
  2129 | D        | Killed an orc sorcerer
  2130 | D        | Killed an orc sorcerer
  2130 | D        | Received a gift from Okawaru
  2132 | D        | Killed an orc sorcerer
  2132 | D        | Received a gift from Okawaru
  2134 | D        | Found Stucvyss' Food Shoppe.
  2142 | D        | Killed an orc sorcerer
  2143 | D        | Noticed an orc sorcerer
  2152 | D        | Found Xetom's Food Emporium.
  2152 | D        | Noticed an orc wizard
  2156 | D        | Noticed an orc sorcerer
  2159 | D        | Killed an orc wizard
  2164 | D        | Noticed an orc wizard
  2166 | D        | Killed an orc sorcerer
  2166 | D        | Reached skill level 15 in Fighting
  2167 | D        | Found Alamn's Book Shoppe.
  2173 | D        | Paralysed by an orc sorcerer for 6 turns
  2185 | D        | Killed an orc sorcerer
  2186 | D        | Killed an orc wizard
  2188 | D        | Killed an orc wizard
  2190 | D        | Noticed an orc sorcerer
  2191 | D        | Noticed an orc sorcerer
  2192 | D        | Noticed an orc sorcerer
  2197 | D        | Noticed a sun demon
  2212 | D        | Killed an orc sorcerer
  2212 | D        | Received a gift from Okawaru
  2217 | D        | Killed an orc sorcerer
  2228 | D        | Killed an orc sorcerer
  2228 | D        | Reached skill level 15 in Dodging
  2269 | D        | Got a bloodstained giant club {god gift}
  2307 | D        | Identified the +4 giant club "Erietz" {drain, +Blink rF++} (Okawaru gifted it to you in the Dungeon)
  2308 | D        | Bought a book of the Earth for 715 gold pieces
  2308 | D        | Bought a book of Maledictions for 275 gold pieces
  2324 | D        | Bought the Catalogue of Snow and Combat Magic for 836 gold pieces
  2372 | D        | Noticed Urug
  2382 | D        | Killed Urug
  2382 | D        | Reached XP level 12. HP: 44/144 MP: 14/14
  2616 | D        | Noticed Harold
  2626 | D        | Killed Harold
  2683 | D        | Got the +2 blowgun "Ywumupniu" {evade, rElec rF+}
  2723 | D        | Learned a level 2 spell: Ensorcelled Hibernation
  2727 | D        | Learned a level 3 spell: Confuse
  2730 | D        | Noticed a giant frog
  2730 | D        | Noticed a slime creature
  2730 | D        | Noticed a skeletal warrior
  2730 | D        | Noticed a brown ugly thing
  2730 | D        | Noticed a white ugly thing
  2730 | D        | Noticed a komodo dragon
  2730 | D        | Noticed a centaur warrior
  2731 | D        | Noticed a white very ugly thing
  2732 | D        | Killed a giant frog
  2737 | D        | Killed a slime creature
  2737 | D        | Reached skill level 1 in Hexes
  2738 | D        | Noticed a green ugly thing
  2743 | D        | Killed a skeletal warrior
  2743 | D        | Received a gift from Okawaru
  2746 | D        | Noticed a slime creature
  2747 | D        | Killed a brown ugly thing
  2753 | D        | Killed a white ugly thing
  2755 | D        | Killed a komodo dragon
  2758 | D        | Killed a centaur warrior
  2759 | D        | Noticed an ogre mage
  2762 | D        | Killed a white very ugly thing
  2765 | D        | Killed a green ugly thing
  2765 | D        | Received a gift from Okawaru
  2766 | D        | Killed a slime creature
  2768 | D        | Noticed a wizard
  2776 | D        | Noticed a deep troll earth mage
  2776 | D        | Killed an ogre mage
  2776 | D        | Reached skill level 5 in Hexes
  2780 | D        | Killed a deep troll earth mage
  2782 | D        | Noticed a cyan very ugly thing
  2782 | D        | Killed a wizard
  2782 | D        | Reached skill level 15 in Throwing
  2790 | D        | Killed a cyan very ugly thing
  2802 | D        | Noticed an ettin
  2808 | D        | Killed an ettin
  2978 | D        | Noticed Sonja
  2979 | D        | Killed Sonja
  3045 | D        | Noticed a jumping spider
  3045 | D        | Noticed a jumping spider
  3045 | D        | Noticed a demonic crawler
  3045 | D        | Noticed a redback
  3045 | D        | Noticed a tarantella
  3045 | D        | Noticed a tarantella
  3045 | D        | Noticed a scorpion
  3046 | D        | Killed a jumping spider
  3046 | D        | Reached skill level 1 in Ice Magic
  3049 | D        | Killed a jumping spider
  3052 | D        | Killed a demonic crawler
  3054 | D        | Killed a redback
  3054 | D        | Reached XP level 13. HP: 127/154 MP: 12/15
  3058 | D        | Killed a tarantella
  3059 | D        | Killed a tarantella
  3060 | D        | Noticed a torpor snail
  3061 | D        | Killed a scorpion
  3068 | D        | Killed a torpor snail
  3106 | D        | Noticed a trapdoor spider
  3108 | D        | Killed a trapdoor spider
  3259 | D        | Noticed a naga mage
  3259 | D        | Noticed a black mamba
  3259 | D        | Noticed a black mamba
  3259 | D        | Noticed a black mamba
  3259 | D        | Noticed a naga mage
  3259 | D        | Noticed a naga sharpshooter
  3259 | D        | Noticed a naga ritualist
  3260 | D        | Killed a naga mage
  3261 | D        | Killed a black mamba
  3267 | D        | Killed a black mamba
  3268 | D        | Killed a black mamba
  3272 | D        | Killed a naga mage
  3273 | D        | Killed a naga sharpshooter
  3275 | D        | Noticed an anaconda
  3281 | D        | Killed a naga ritualist
  3282 | D        | Noticed a naga mage
  3283 | D        | Killed an anaconda
  3286 | D        | Killed a naga mage
  3286 | D        | Received a gift from Okawaru
  3310 | D        | Noticed a siren
  3310 | D        | Noticed a griffon
  3310 | D        | Noticed a merfolk avatar
  3310 | D        | Noticed a harpy
  3310 | D        | Noticed a faun
  3310 | D        | Noticed a siren
  3310 | D        | Noticed a griffon
  3311 | D        | Noticed a snapping turtle
  3316 | D        | Killed a siren
  3317 | D        | Noticed a siren
  3321 | D        | Killed a griffon
  3321 | D        | Reached skill level 5 in Ice Magic
  3324 | D        | Killed a merfolk avatar
  3324 | D        | Received a gift from Okawaru
  3327 | D        | Killed a harpy
  3332 | D        | Killed a faun
  3334 | D        | Killed a siren
  3343 | D        | Killed a griffon
  3343 | D        | Received a gift from Okawaru
  3346 | D        | Killed a snapping turtle
  3350 | D        | Killed a siren
  3351 | D        | Got a dazzling hat {god gift}
  3402 | D        | Identified the +2 hat "Pnugeh" {rF++ Slay+3 Stlth+} (Okawaru gifted it to you in the Dungeon)
  3757 | D        | Noticed a swamp dragon
  3757 | D        | Noticed a raven
  3757 | D        | Noticed a seven-headed hydra
  3757 | D        | Noticed a swamp dragon
  3757 | D        | Noticed a spiny frog
  3757 | D        | Noticed a water moccasin
  3760 | D        | Killed a swamp dragon
  3761 | D        | Killed a raven
  3763 | D        | Killed a seven-headed hydra
  3765 | D        | Killed a water moccasin
  3766 | D        | Noticed a vampire mosquito
  3767 | D        | Noticed a water moccasin
  3774 | D        | Killed a swamp dragon
  3778 | D        | Killed a spiny frog
  3780 | D        | Killed a vampire mosquito
  3783 | D        | Killed a water moccasin
  3866 | D        | Noticed Wiglaf
  3875 | D        | Killed Wiglaf
  3899 | D        | Noticed Erica
  3901 | D        | Killed Erica
  3939 | D        | Learned a level 4 spell: Throw Icicle
  3943 | D        | Noticed a slime creature
  3943 | D        | Noticed a deep troll shaman
  3943 | D        | Noticed a deep elf mage
  3943 | D        | Noticed a manticore
  3943 | D        | Noticed a frost giant
  3943 | D        | Noticed a yaktaur captain
  3943 | D        | Noticed a frost giant
  3944 | D        | Killed a slime creature
  3946 | D        | Killed a deep elf mage
  3949 | D        | Killed a deep troll shaman
  3949 | D        | Reached skill level 1 in Conjurations
  3954 | D        | Killed a manticore
  3956 | D        | Killed a frost giant
  3961 | D        | Noticed a tengu warrior
  3963 | D        | Killed a yaktaur captain
  3963 | D        | Reached XP level 14. HP: 111/163 MP: 9/16
  3965 | D        | Killed a frost giant
  3967 | D        | Killed a tengu warrior
  3971 | D        | Noticed a fire giant
  3976 | D        | Killed a fire giant
  3985 | D        | Noticed a stone giant
  3992 | D        | Killed a stone giant
  3992 | D        | Received a gift from Okawaru
  3992 | D        | Reached skill level 5 in Conjurations
  3994 | D        | Noticed a great orb of eyes
  3996 | D        | Killed a great orb of eyes
  3997 | D        | Noticed a spriggan berserker
  4003 | D        | Killed a spriggan berserker
  4004 | D        | Noticed a frost giant
  4010 | D        | Noticed a white very ugly thing
  4010 | D        | Killed a frost giant
  4021 | D        | Killed a white very ugly thing
  4036 | D        | Noticed an ettin
  4038 | D        | Noticed a brown ugly thing
  4039 | D        | Killed an ettin
  4039 | D        | Received a gift from Okawaru
  4045 | D        | Noticed a deep elf mage
  4048 | D        | Noticed a yaktaur
  4049 | D        | Killed a brown ugly thing
  4053 | D        | Killed a deep elf mage
  4056 | D        | Killed a yaktaur
  4187 | D        | Learned a level 3 spell: Dazzling Spray
  4190 | D        | Noticed an ironheart preserver
  4190 | D        | Noticed a hill giant
  4190 | D        | Noticed a yaktaur
  4190 | D        | Noticed a cyclops
  4190 | D        | Noticed a wraith
  4190 | D        | Noticed an ogre mage
  4190 | D        | Noticed a cyclops
  4195 | D        | Killed an ironheart preserver
  4200 | D        | Killed a hill giant
  4201 | D        | Noticed a yaktaur captain
  4203 | D        | Noticed a fire crab
  4204 | D        | Killed a yaktaur
  4205 | D        | Killed a wraith
  4207 | D        | Killed a cyclops
  4210 | D        | Killed an ogre mage
  4210 | D        | Received a gift from Okawaru
  4211 | D        | Killed a cyclops
  4211 | D        | Reached skill level 5 in Spellcasting
  4212 | D        | Noticed an ironbrand convoker
  4212 | D        | Killed a yaktaur captain
  4213 | D        | Killed a fire crab
  4215 | D        | Killed an ironbrand convoker
  4216 | D        | Noticed a centaur warrior
  4225 | D        | Noticed an ironbrand convoker
  4225 | D        | Killed a centaur warrior
  4227 | D        | Killed an ironbrand convoker
  4228 | D        | Got an ancient dire flail {god gift}
  4426 | D        | Noticed a yaktaur captain
  4430 | D        | Noticed a vault sentinel
  4433 | D        | Killed a yaktaur captain
  4436 | D        | Noticed a sphinx
  4437 | D        | Killed a vault sentinel
  4439 | D        | Killed a sphinx
  4440 | D        | Noticed a frost giant
  4444 | D        | Killed a frost giant
  4448 | D        | Noticed an orc knight
  4454 | D        | Noticed a yaktaur
  4455 | D        | Killed an orc knight
  4458 | D        | Killed a yaktaur
  4462 | D        | Noticed a wolf spider
  4465 | D        | Killed a wolf spider
  4468 | D        | Noticed a yaktaur
  4471 | D        | Killed a yaktaur
  4477 | D        | Noticed a boulder beetle
  4482 | D        | Killed a boulder beetle
  4723 | D        | Identified the +2 dire flail "Shroit" {crush, Contam rC++ Int+3} (Okawaru gifted it to you in the Dungeon)
  4915 | D        | Noticed an emperor scorpion
  4915 | D        | Noticed an emperor scorpion
  4915 | D        | Noticed an emperor scorpion
  4915 | D        | Noticed a wolf spider
  4915 | D        | Noticed a wolf spider
  4915 | D        | Noticed a ghost moth
  4915 | D        | Noticed a ghost moth
  4918 | D        | Killed an emperor scorpion
  4918 | D        | Received a gift from Okawaru
  4923 | D        | Killed an emperor scorpion
  4923 | D        | Reached skill level 10 in Spellcasting
  4923 | D        | Reached XP level 15. HP: 184/184 MP: 24/32
  4928 | D        | Killed an emperor scorpion
  4928 | D        | Received a gift from Okawaru
  4930 | D        | Killed a wolf spider
  4933 | D        | Noticed a redback
  4934 | D        | Killed a wolf spider
  4936 | D        | Killed a ghost moth
  4938 | D        | Killed a ghost moth
  4942 | D        | Noticed a ghost moth
  4944 | D        | Killed a redback
  4948 | D        | Noticed a ghost moth
  4950 | D        | Killed a ghost moth
  4950 | D        | Received a gift from Okawaru
  4956 | D        | Killed a ghost moth
  4961 | D        | Got a brightly glowing robe {god gift}
  4964 | D        | Noticed a jumping spider
  4965 | D        | Killed a jumping spider
  4967 | D        | Noticed a ghost moth
  4971 | D        | Killed a ghost moth
  4972 | D        | Noticed a demonic crawler
  4977 | D        | Killed a demonic crawler
  4989 | D        | Got a gossamer rune of Zot
  5121 | D        | Noticed a merfolk javelineer
  5121 | D        | Noticed a merfolk avatar
  5121 | D        | Noticed a merfolk impaler
  5121 | D        | Noticed a merfolk impaler
  5121 | D        | Noticed a merfolk impaler
  5121 | D        | Noticed a merfolk aquamancer
  5121 | D        | Noticed Ilsuiw
  5124 | D        | Killed a merfolk impaler
  5126 | D        | Killed a merfolk javelineer
  5130 | D        | Killed a merfolk impaler
  5131 | D        | Killed a merfolk avatar
  5133 | D        | Killed a merfolk impaler
  5137 | D        | Killed Ilsuiw
  5139 | D        | Killed a merfolk aquamancer
  5140 | D        | Noticed a merfolk aquamancer
  5143 | D        | Noticed a merfolk avatar
  5147 | D        | Killed a merfolk aquamancer
  5150 | D        | Noticed a merfolk impaler
  5150 | D        | Killed a merfolk avatar
  5153 | D        | Killed a merfolk impaler
  5155 | D        | Noticed a merfolk aquamancer
  5156 | D        | Killed a merfolk aquamancer
  5158 | D        | Noticed a merfolk
  5159 | D        | Killed a merfolk
  5172 | D        | Noticed a merfolk aquamancer
  5181 | D        | Killed a merfolk aquamancer
  5188 | D        | Got a barnacled rune of Zot
  5313 | D        | Noticed a greater naga
  5313 | D        | Noticed a naga
  5313 | D        | Noticed a naga warrior
  5313 | D        | Noticed a naga warrior
  5313 | D        | Noticed a greater naga
  5313 | D        | Noticed a naga
  5313 | D        | Noticed a greater naga
  5317 | D        | Killed a greater naga
  5320 | D        | Killed a naga
  5320 | D        | Reached skill level 10 in Conjurations
  5325 | D        | Killed a naga warrior
  5331 | D        | Killed a greater naga
  5332 | D        | Killed a naga warrior
  5335 | D        | Killed a naga
  5336 | D        | Noticed a naga warrior
  5336 | D        | Killed a greater naga
  5341 | D        | Noticed a guardian serpent
  5342 | D        | Killed a naga warrior
  5343 | D        | Killed a guardian serpent
  5344 | D        | Noticed a guardian serpent
  5348 | D        | Killed a guardian serpent
  5362 | D        | Noticed a guardian serpent
  5365 | D        | Killed a guardian serpent
  5365 | D        | Received a gift from Okawaru
  5366 | D        | Got a slimy giant club {god gift}
  5367 | D        | Noticed a greater naga
  5372 | D        | Killed a greater naga
  5372 | D        | Reached skill level 22 in Fighting
  5374 | D        | Noticed a greater naga
  5377 | D        | Killed a greater naga
  5385 | D        | Got a serpentine rune of Zot
  5398 | D        | Noticed an eight-headed hydra
  5398 | D        | Noticed a four-headed hydra
  5398 | D        | Noticed a five-headed hydra
  5398 | D        | Noticed a swamp dragon
  5398 | D        | Noticed a five-headed hydra
  5398 | D        | Noticed an eight-headed hydra
  5398 | D        | Noticed a shambling mangrove
  5402 | D        | Killed an eight-headed hydra
  5404 | D        | Killed a four-headed hydra
  5407 | D        | Killed a five-headed hydra
  5408 | D        | Noticed a swamp dragon
  5410 | D        | Killed a swamp dragon
  5410 | D        | Reached XP level 16. HP: 179/201 MP: 29/36
  5411 | D        | Killed an eight-headed hydra
  5412 | D        | Killed a five-headed hydra
  5415 | D        | Killed a shambling mangrove
  5415 | D        | Reached skill level 5 in Armour
  5417 | D        | Noticed a five-headed hydra
  5418 | D        | Killed a swamp dragon
  5419 | D        | Killed a five-headed hydra
  5422 | D        | Noticed a five-headed hydra
  5423 | D        | Killed a five-headed hydra
  5425 | D        | Noticed a swamp dragon
  5427 | D        | Noticed a swamp dragon
  5430 | D        | Killed a swamp dragon
  5435 | D        | Killed a swamp dragon
  5438 | D        | Noticed an eight-headed hydra
  5441 | D        | Killed an eight-headed hydra
  5457 | D        | Got a decaying rune of Zot
  5556 | D        | Learned a level 6 spell: Freezing Cloud
  5558 | D        | Noticed a vault guard
  5558 | D        | Noticed a vault guard
  5558 | D        | Noticed a vault guard
  5558 | D        | Noticed a vault guard
  5558 | D        | Noticed a vault guard
  5558 | D        | Noticed a vault guard
  5558 | D        | Noticed a vault guard
  5566 | D        | Killed a vault guard
  5566 | D        | Reached skill level 1 in Air Magic
  5570 | D        | Killed a vault guard
  5572 | D        | Killed a vault guard
  5574 | D        | Killed a vault guard
  5577 | D        | Killed a vault guard
  5577 | D        | Received a gift from Okawaru
  5579 | D        | Killed a vault guard
  5584 | D        | Noticed a vault guard
  5587 | D        | Killed a vault guard
  5587 | D        | Reached skill level 5 in Air Magic
  5593 | D        | Killed a vault guard
  5595 | D        | Noticed a vault guard
  5598 | D        | Killed a vault guard
  5600 | D        | Noticed a vault guard
  5605 | D        | Killed a vault guard
  5610 | D        | Noticed a vault guard
  5619 | D        | Killed a vault guard
  5628 | D        | Noticed a vault guard
  5630 | D        | Killed a vault guard
  5630 | D        | Reached skill level 10 in Armour
  5631 | D        | Noticed a vault guard
  5637 | D        | Killed a vault guard
  5640 | D        | Noticed a vault guard
  5644 | D        | Noticed a vault guard
  5645 | D        | Killed a vault guard
  5646 | D        | Killed a vault guard
  5649 | D        | Noticed a vault guard
  5652 | D        | Killed a vault guard
  5659 | D        | Noticed a vault guard
  5660 | D        | Noticed a vault guard
  5663 | D        | Noticed a vault guard
  5666 | D        | Killed a vault guard
  5668 | D        | Killed a vault guard
  5672 | D        | Killed a vault guard
  5673 | D        | Noticed a vault guard
  5677 | D        | Noticed a vault guard
  5681 | D        | Killed a vault guard
  5684 | D        | Killed a vault guard
  5693 | D        | Noticed a vault guard
  5694 | D        | Noticed a vault guard
  5697 | D        | Noticed a vault guard
  5700 | D        | Noticed a vault guard
  5704 | D        | Killed a vault guard
  5716 | D        | Killed a vault guard
  5724 | D        | Killed a vault guard
  5732 | D        | Killed a vault guard
  5768 | D        | Noticed a deep elf conjurer
  5768 | D        | Noticed a sphinx
  5768 | D        | Noticed an ogre mage
  5768 | D        | Noticed a vault warden
  5768 | D        | Noticed an ironbrand convoker
  5768 | D        | Noticed a lich
  5768 | D        | Noticed a red very ugly thing
  5771 | D        | Killed a deep elf conjurer
  5774 | D        | Killed a sphinx
  5778 | D        | Killed an ironbrand convoker
  5779 | D        | Killed an ogre mage
  5781 | D        | Killed a vault warden
  5783 | D        | Killed a lich
  5783 | D        | Received a gift from Okawaru
  5788 | D        | Noticed an ironheart preserver
  5790 | D        | Killed a red very ugly thing
  5794 | D        | Killed an ironheart preserver
  5795 | D        | Got an iridescent giant spiked club {god gift}
  5796 | D        | Noticed a redback
  5799 | D        | Killed a redback
  5801 | D        | Noticed a vault sentinel
  5801 | D        | Killed a vault sentinel
  5801 | D        | Reached skill level 10 in Ice Magic
  5817 | D        | Noticed a great orb of eyes
  5819 | D        | Noticed a shadow dragon
  5822 | D        | Killed a great orb of eyes
  5827 | D        | Noticed a stone giant
  5830 | D        | Killed a shadow dragon
  5831 | D        | Killed a stone giant
  5837 | D        | Noticed a shadow dragon
  5839 | D        | Noticed an ogre mage
  5843 | D        | Killed a shadow dragon
  5843 | D        | Reached XP level 17. HP: 192/209 MP: 34/36
  5844 | D        | Killed an ogre mage
  5846 | D        | Noticed a boulder beetle
  5848 | D        | Noticed a yaktaur captain
  5848 | D        | Killed a boulder beetle
  5852 | D        | Killed a yaktaur captain
  5969 | D        | Identified the +0 robe of the Tales {+Rage rCorr} (Okawaru gifted it to you in the Dungeon)
  6169 | D        | Noticed an ogre mage
  6169 | D        | Noticed a shadow dragon
  6169 | D        | Noticed a yaktaur captain
  6169 | D        | Noticed a golden dragon
  6169 | D        | Noticed a quicksilver dragon
  6169 | D        | Noticed a shadow dragon
  6169 | D        | Noticed a deep elf fighter
  6174 | D        | Killed an ogre mage
  6176 | D        | Killed a shadow dragon
  6176 | D        | Reached skill level 15 in Armour
  6180 | D        | Killed a yaktaur captain
  6184 | D        | Killed a golden dragon
  6184 | D        | Received a gift from Okawaru
  6186 | D        | Noticed a shadow dragon
  6189 | D        | Killed a shadow dragon
  6191 | D        | Killed a quicksilver dragon
  6191 | D        | Received a gift from Okawaru
  6192 | D        | Killed a deep elf fighter
  6197 | D        | Noticed a lich
  6198 | D        | Killed a shadow dragon
  6202 | D        | Killed a lich
  6212 | D        | Got a translucent steel amulet
  6226 | D        | Got a silver rune of Zot
  6232 | D        | Got a vibrating lead ring
  6234 | D        | Identified the ring of Peehuak {rC+ Str+2} (You found it in the Dungeon)
  6235 | D        | Identified the amulet of Fedhas' Favour {+Rage Int-5 Dex+3} (You found it in the Dungeon)
  6357 | D        | Got the ring "Fitaurgh" {MR+ SInv}
  6362 | D        | Got the ring "Tross" {rF+ rC++ Dex+3}
  6368 | D        | Got the ring of Moexeum {+Inv Str+3}
  6371 | D        | Got the ring "Guczihues" {rElec rC+ rN+}
  6373 | D        | Got the ring "Bluddayl" {MR++ Str+3 SInv}
  6491 | D        | Noticed Louise
  6497 | D        | Noticed Norris
  6503 | D        | Killed Norris
  6514 | D        | Killed Louise
  6532 | D        | Noticed Nikola
  6539 | D        | Noticed Boris
  6546 | D        | Killed Nikola
  6546 | D        | Received a gift from Okawaru
  6546 | D        | Reached skill level 15 in Spellcasting
  6554 | D        | Noticed Mara
  6601 | D        | Killed Boris
  6638 | D        | Killed Mara
  6802 | D        | Noticed Jory
  6806 | D        | Killed Jory
  6961 | D        | Noticed a hell knight
  6965 | D        | Noticed a hell knight
  6967 | D        | Killed a hell knight
  6969 | D        | Noticed a hell knight
  6969 | D        | Killed a hell knight
  6973 | D        | Killed a hell knight
  6976 | D        | Noticed Margery
  6977 | D        | Noticed Mennas
  6985 | D        | Killed Margery
  6999 | D        | Killed Mennas
  6999 | D        | Received a gift from Okawaru
  7000 | D        | Noticed Xtahua
  7004 | D        | Got an ancient robe {god gift}
  7019 | D        | Killed Xtahua
  7028 | D        | Noticed Frederick
  7034 | D        | Killed Frederick
  7034 | D        | Reached XP level 18. HP: 212/219 MP: 32/41
  7114 | D        | Noticed a giant frog
  7114 | D        | Noticed a seven-headed hydra
  7114 | D        | Noticed a mottled dragon
  7114 | D        | Noticed a manticore
  7114 | D        | Noticed a troll
  7114 | D        | Noticed a kobold demonologist
  7115 | D        | Noticed a hungry ghost
  7119 | D        | Killed a giant frog
  7121 | D        | Killed a seven-headed hydra
  7121 | D        | Killed a troll
  7121 | D        | Killed a manticore
  7121 | D        | Killed a mottled dragon
  7124 | D        | Killed a hungry ghost
  7125 | D        | Killed a kobold demonologist
  7184 | D        | Noticed a fire dragon
  7184 | D        | Noticed a fire dragon
  7184 | D        | Noticed a mottled dragon
  7184 | D        | Noticed a golden dragon
  7184 | D        | Noticed a golden dragon
  7184 | D        | Noticed an ice dragon
  7184 | D        | Noticed a golden dragon
  7189 | D        | Killed a fire dragon
  7194 | D        | Killed a fire dragon
  7197 | D        | Killed a golden dragon
  7197 | D        | Reached skill level 23 in Fighting
  7201 | D        | Killed a golden dragon
  7203 | D        | Killed a mottled dragon
  7206 | D        | Killed a golden dragon
  7206 | D        | Reached skill level 24 in Fighting
  7209 | D        | Killed a mottled dragon
  7210 | D        | Killed an ice dragon
  7211 | D        | Noticed an ice dragon
  7216 | D        | Killed an ice dragon
  7223 | D        | Noticed a pale draconian
  7226 | D        | Noticed a yellow draconian
  7227 | D        | Killed a pale draconian
  7231 | D        | Killed a yellow draconian
  7241 | D        | Noticed a purple draconian
  7244 | D        | Killed a purple draconian
  7286 | D        | Noticed a mottled draconian caller
  7286 | D        | Noticed a moth of wrath
  7286 | D        | Noticed a black draconian shifter
  7286 | D        | Noticed a tentacled monstrosity
  7286 | D        | Noticed a death cob
  7286 | D        | Noticed a yellow draconian
  7286 | D        | Noticed a green draconian scorcher
  7290 | D        | Killed a mottled draconian caller
  7291 | D        | Killed a moth of wrath
  7294 | D        | Killed a black draconian shifter
  7296 | D        | Killed a tentacled monstrosity
  7302 | D        | Killed a death cob
  7303 | D        | Killed a yellow draconian
  7305 | D        | Killed a green draconian scorcher
  7348 | D        | Identified the -5 robe of the Other Side {Str+4} (Okawaru gifted it to you in the Dungeon)
  7384 | D        | Noticed a yellow draconian knight
  7384 | D        | Noticed a pale draconian
  7384 | D        | Noticed an ice dragon
  7384 | D        | Noticed a storm dragon
  7384 | D        | Noticed a moth of wrath
  7384 | D        | Noticed a storm dragon
  7384 | D        | Noticed a fire dragon
  7386 | D        | Noticed a shadow dragon
  7395 | D        | Killed a yellow draconian knight
  7399 | D        | Killed a moth of wrath
  7401 | D        | Killed a pale draconian
  7401 | D        | Received a gift from Okawaru
  7406 | D        | Killed a storm dragon
  7408 | D        | Killed an ice dragon
  7410 | D        | Killed a storm dragon
  7416 | D        | Killed a fire dragon
  7417 | D        | Killed a shadow dragon
  7418 | D        | Got a heavily jewelled robe {god gift}
  7521 | D        | Noticed a white draconian caller
  7521 | D        | Noticed a white draconian annihilator
  7521 | D        | Noticed a death cob
  7521 | D        | Noticed a moth of wrath
  7521 | D        | Noticed a red draconian annihilator
  7521 | D        | Noticed a storm dragon
  7521 | D        | Noticed a purple draconian
  7524 | D        | Killed a white draconian caller
  7526 | D        | Killed a white draconian annihilator
  7527 | D        | Killed a moth of wrath
  7530 | D        | Killed a death cob
  7532 | D        | Killed a red draconian annihilator
  7537 | D        | Killed a purple draconian
  7538 | D        | Noticed a green draconian zealot
  7540 | D        | Killed a storm dragon
  7541 | D        | Killed a green draconian zealot
  7555 | D        | Noticed a pale draconian
  7556 | D        | Killed a pale draconian
  7600 | D        | Noticed a grey draconian
  7600 | D        | Noticed a moth of wrath
  7600 | D        | Noticed an ice dragon
  7600 | D        | Noticed a black draconian
  7600 | D        | Noticed a moth of wrath
  7600 | D        | Noticed a yellow draconian
  7600 | D        | Noticed a purple draconian annihilator
  7605 | D        | Killed a moth of wrath
  7606 | D        | Killed a moth of wrath
  7607 | D        | Killed a moth of wrath
  7609 | D        | Killed a grey draconian
  7610 | D        | Noticed a yellow draconian monk
  7611 | D        | Killed an ice dragon
  7612 | D        | Killed a purple draconian annihilator
  7613 | D        | Killed a black draconian
  7615 | D        | Killed a yellow draconian
  7615 | D        | Reached skill level 25 in Throwing
  7622 | D        | Killed a yellow draconian monk
  7764 | D        | Noticed an Orb Guardian
  7764 | D        | Noticed an Orb Guardian
  7764 | D        | Noticed an Orb Guardian
  7764 | D        | Noticed an Orb Guardian
  7764 | D        | Noticed an Orb Guardian
  7764 | D        | Noticed an Orb Guardian
  7764 | D        | Noticed an Orb Guardian
  7767 | D        | Killed an Orb Guardian
  7769 | D        | Killed an Orb Guardian
  7769 | D        | Reached skill level 26 in Throwing
  7769 | D        | Reached XP level 19. HP: 231/236 MP: 34/42
  7770 | D        | Noticed an Orb Guardian
  7771 | D        | Killed an Orb Guardian
  7774 | D        | Killed an Orb Guardian
  7777 | D        | Killed an Orb Guardian
  7778 | D        | Killed an Orb Guardian
  7778 | D        | Reached skill level 27 in Throwing
  7781 | D        | Killed an Orb Guardian
  7782 | D        | Killed an Orb Guardian
  7803 | D        | Noticed an Orb Guardian
  7807 | D        | Noticed an Orb Guardian
  7812 | D        | Killed an Orb Guardian
  7812 | D        | Received a gift from Okawaru
  7822 | D        | Killed an Orb Guardian
  7977 | D        | Noticed a golden dragon
  7977 | D        | Noticed a ghost moth
  7977 | D        | Noticed an Orb Guardian
  7977 | D        | Noticed an Orb Guardian
  7977 | D        | Noticed a tentacled monstrosity
  7977 | D        | Noticed a pale draconian
  7977 | D        | Noticed an Orb Guardian
  7982 | D        | Killed a golden dragon
  7983 | D        | Killed a ghost moth
  7984 | D        | Killed an Orb Guardian
  7985 | D        | Killed an Orb Guardian
  7990 | D        | Noticed an Orb Guardian
  7993 | D        | Killed a tentacled monstrosity
  7994 | D        | Killed a pale draconian
  7994 | D        | Killed an Orb Guardian
  7994 | D        | Reached skill level 27 in Dodging
  7996 | D        | Killed an Orb Guardian
  8042 | D        | Noticed an ancient lich
  8047 | D        | Noticed a Brimstone Fiend
  8051 | D        | Killed an ancient lich
  8051 | D        | Received a gift from Okawaru
  8052 | D        | Got an ichor-stained arbalest {god gift}
  8056 | D        | Noticed an orb of fire
  8089 | D        | Killed an orb of fire
  8089 | D        | Reached skill level 27 in Maces & Flails
  8195 | D        | Identified the -1 robe of the Present {Dex-4} (Okawaru gifted it to you in the Dungeon)
  8387 | D        | Identified the +2 giant spiked club of Irritation {antimagic, rC+} (Okawaru gifted it to you in the Dungeon)
  8388 | D        | Identified the +8 giant club of Mastery {flame, +Rage rC+} (Okawaru gifted it to you in the Dungeon)
  8389 | D        | Gained mutation: Scrolls take you a little longer to read. [mutagenic glow]
  8391 | D        | Fell from the grace of Okawaru
  8750 | D        | Learned a level 5 spell: Bolt of Magma
  9803 | D        | Upgraded the game from 0.16-a0-3325-g64f94fb to 0.16-a0-3330-g2931290
  9814 | D        | Became a worshipper of Vehumet
 10122 | D        | Bought a meat ration for 60 gold pieces
 10124 | D        | Bought a meat ration for 60 gold pieces
 10806 | D        | Got the +3 large shield "Noemoum" {+Rage +Inv rPois Slay+3 Stlth--}
 11094 | D        | Noticed an electric golem
 11105 | D        | Killed an electric golem
 11127 | D        | Noticed a shadow dragon
 11127 | D        | Noticed a pale draconian zealot
 11127 | D        | Noticed an orb of fire
 11127 | D        | Noticed a golden dragon
 11127 | D        | Noticed a Killer Klown
 11127 | D        | Noticed a moth of wrath
 11127 | D        | Noticed an ancient lich
 11131 | D        | Noticed an orb of fire
 11134 | D        | Killed a moth of wrath
 11138 | D        | Killed a shadow dragon
 11139 | D        | Killed a pale draconian zealot
 11139 | D        | Acquired Vehumet's first power
 11139 | D        | Offered knowledge of Magic Dart by Vehumet.
 11139 | D        | Reached skill level 27 in Fighting
 11142 | D        | Noticed a black draconian knight
 11149 | D        | Noticed an electric golem
 11154 | D        | Killed an orb of fire
 11157 | D        | Killed a golden dragon
 11163 | D        | Noticed a black draconian zealot
 11166 | D        | Killed an ancient lich
 11166 | D        | Reached XP level 20. HP: 58/256 MP: 38/44
 11179 | D        | Killed a Killer Klown
 11650 | D        | Killed an orb of fire
 11686 | D        | Killed a black draconian knight
 11686 | D        | Offered knowledge of Throw Frost by Vehumet.
 11699 | D        | Killed a black draconian zealot
 11710 | D        | Killed an electric golem
 11733 | D        | Noticed an Orb Guardian
 11735 | D        | Noticed an electric golem
 11745 | D        | Killed an Orb Guardian
 11745 | D        | Acquired Vehumet's second power
 11747 | D        | Killed an electric golem
 11750 | D        | Noticed an orb of fire
 11761 | D        | Killed an orb of fire
 12343 | D        | Noticed an Orb Guardian
 12343 | D        | Noticed an Orb Guardian
 12343 | D        | Noticed an Orb Guardian
 12343 | D        | Noticed an Orb Guardian
 12343 | D        | Noticed an Orb Guardian
 12343 | D        | Noticed an Orb Guardian
 12343 | D        | Noticed a moth of wrath
 12346 | D        | Noticed an Orb Guardian
 12347 | D        | Killed an Orb Guardian
 12347 | D        | Offered knowledge of Static Discharge by Vehumet.
 12348 | D        | Killed a moth of wrath
 12357 | D        | Killed an Orb Guardian
 12360 | D        | Killed an Orb Guardian
 12360 | D        | Killed an Orb Guardian
 12360 | D        | Acquired Vehumet's third power
 12361 | D        | Killed an Orb Guardian
 12363 | D        | Killed an Orb Guardian
 12367 | D        | Killed an Orb Guardian
 12367 | D        | Reached skill level 15 in Conjurations
 12757 | D        | Noticed an Orb Guardian
 12761 | D        | Killed an Orb Guardian
 12761 | D        | Offered knowledge of Olgreb's Toxic Radiance by Vehumet.
 12762 | D        | Noticed an Orb Guardian
 12773 | D        | Killed an Orb Guardian
 12775 | D        | Noticed an Orb Guardian
 12780 | D        | Killed an Orb Guardian
 12783 | D        | Noticed an Orb Guardian
 12792 | D        | Killed an Orb Guardian
 12797 | D        | Noticed a moth of wrath
 12799 | D        | Noticed an Orb Guardian
 12799 | D        | Killed a moth of wrath
 12813 | D        | Killed an Orb Guardian
 12946 | D        | Killed a spriggan baker
 12946 | D        | Offered knowledge of Irradiate by Vehumet.
 12951 | D        | Killed a spriggan baker
 13377 | D        | Noticed a spriggan baker
 13386 | D        | Killed a spriggan baker
 13386 | D        | Offered knowledge of Fireball by Vehumet.
 13395 | D        | Learned a level 5 spell: Fireball
 13410 | D        | Noticed a spriggan baker
 13411 | D        | Noticed a spriggan baker
 13411 | D        | Killed a spriggan baker
 13412 | D        | Noticed a spriggan baker
 13412 | D        | Killed a spriggan baker
 13415 | D        | Noticed a spriggan baker
 13415 | D        | Killed a spriggan baker
 13417 | D        | Killed a spriggan baker
 13418 | D        | Noticed a spriggan baker
 13421 | D        | Killed a spriggan baker
 13422 | D        | Noticed a spriggan baker
 13422 | D        | Killed a spriggan baker
 13429 | D        | Noticed a spriggan baker
 13431 | D        | Killed a spriggan baker
 13433 | D        | Noticed a spriggan baker
 13436 | D        | Killed a spriggan baker
 13464 | D        | Noticed a deep elf high priest
 13464 | D        | Noticed a deep elf sorcerer
 13464 | D        | Noticed a deep elf blademaster
 13464 | D        | Noticed a deep elf sorcerer
 13464 | D        | Noticed a deep elf blademaster
 13464 | D        | Noticed a deep elf high priest
 13464 | D        | Noticed a deep elf blademaster
 13467 | D        | Noticed a deep elf master archer
 13467 | D        | Killed a deep elf high priest
 13467 | D        | Offered knowledge of Venom Bolt by Vehumet.
 13467 | D        | Reached skill level 1 in Earth Magic
 13473 | D        | Killed a deep elf sorcerer
 13480 | D        | Killed a deep elf blademaster
 13483 | D        | Killed a deep elf blademaster
 13483 | D        | Reached skill level 5 in Earth Magic
 13486 | D        | Killed a deep elf blademaster
 13487 | D        | Killed a deep elf sorcerer
 13488 | D        | Killed a deep elf master archer
 13488 | D        | Reached skill level 27 in Armour
 13489 | D        | Killed a deep elf high priest
 13508 | D        | Noticed a deep elf blademaster
 13520 | D        | Killed a deep elf blademaster
 13720 | D        | Noticed a deep elf blademaster
 13721 | D        | Noticed a deep elf annihilator
 13728 | D        | Killed a deep elf blademaster
 13728 | D        | Offered knowledge of Spellforged Servitor by Vehumet.
 13728 | D        | Reached skill level 10 in Earth Magic
 13728 | D        | Reached XP level 21. HP: 258/265 MP: 45/45
 13737 | D        | Noticed a deep elf sorcerer
 13737 | D        | Killed a deep elf annihilator
 13739 | D        | Killed a deep elf sorcerer
 14011 | D        | Noticed a deep elf death mage
 14016 | D        | Killed a ghostly deep elf death mage
 14077 | D        | Got an elven rune of Zot
 14166 | D        | Noticed a deep elf high priest
 14169 | D        | Killed a deep elf high priest
 14317 | D        | Noticed an acid blob
 14317 | D        | Noticed an acid blob
 14317 | D        | Noticed an acid blob
 14317 | D        | Noticed an acid blob
 14317 | D        | Noticed a death ooze
 14317 | D        | Noticed an azure jelly
 14317 | D        | Noticed an acid blob
 14322 | D        | Killed an acid blob
 14324 | D        | Noticed an azure jelly
 14324 | D        | Killed an azure jelly
 14326 | D        | Killed an acid blob
 14326 | D        | Offered knowledge of Ignite Poison by Vehumet.
 14328 | D        | Killed an acid blob
 14328 | D        | Killed an acid blob
 14329 | D        | Noticed the royal jelly
 14329 | D        | Killed an acid blob
 14330 | D        | Noticed an acid blob
 14333 | D        | Killed an azure jelly
 14333 | D        | Reached skill level 15 in Earth Magic
 14333 | D        | Killed a death ooze
 14348 | D        | Killed an acid blob
 14364 | D        | Killed the royal jelly
 14367 | D        | Was forgiven by Okawaru
 14368 | D        | Demolished by an acid blob

Action                   |  1- 3 |  4- 6 |  7- 9 | 10-12 | 13-15 | 16-18 | 19-21 || total
-------------------------+-------+-------+-------+-------+-------+-------+-------++-------
Melee: Mace              |    35 |       |       |       |       |       |       ||    35
       Dire flail        |     3 |    21 |    66 |   206 |       |    61 |    60 ||   417
       Giant club        |       |       |       |    36 |    55 |       |   161 ||   252
       Giant spiked club |       |       |       |       |       |       |    33 ||    33
Throw: Tomahawk          |       |       |       |    16 |    88 |   119 |    51 ||   274
       Large rock        |       |       |       |    28 |   165 |   195 |    65 ||   453
       Javelin           |       |       |       |    26 |   110 |   111 |    52 ||   299
 Cast: Freezing Cloud    |       |       |       |       |       |    15 |    11 ||    26
       Bolt of Magma     |       |       |       |       |       |       |    42 ||    42
       Dazzling Spray    |       |       |       |       |       |       |     1 ||     1
       Confuse           |       |       |       |       |       |       |     2 ||     2
Invok: Heroism           |       |       |     2 |     5 |    11 |    14 |     2 ||    34
       Finesse           |       |       |       |     3 |     7 |    11 |     1 ||    22
       Renounce Religion |       |       |       |       |       |       |     1 ||     1
 Abil: Evoke Invisibilit |       |       |       |       |     4 |       |       ||     4
Evoke: Wand              |       |     2 |     4 |    13 |       |       |       ||    19
  Use: Potion            |     1 |       |     1 |     4 |       |     1 |       ||     7
       Scroll            |       |       |     1 |       |       |     2 |     6 ||     9
 Stab: Invisible         |       |       |     9 |       |     8 |       |       ||    17
       Sleeping          |       |       |       |       |     1 |       |       ||     1
  Eat: Chunk             |       |       |     1 |     7 |     8 |    11 |     6 ||    33
       Fruit             |       |       |       |     1 |     2 |     1 |     2 ||     6
       Bread ration      |       |       |       |       |       |       |     3 ||     3
       Meat ration       |       |       |       |       |       |       |     1 ||     1
       Beef jerky        |       |       |       |       |       |       |     1 ||     1
